 Dungeon Crawl Stone Soup version 0.18.1-47-g9310371 (webtiles) character file.

9384 raph the Slicer (level 11, -1/69 HPs)
             Began as a Kobold Berserker on June 14, 2016.
             Was an Elder of Trog.
             Slain by a four-headed hydra (2 damage)
             ... on level 2 of the Lair of Beasts.
             The game lasted 00:20:10 (8984 turns).

raph the Slicer (Kobold Berserker)                  Turns: 8984, Time: 00:20:12

Health: -1/69      AC: 10    Str: 20    XL:     11   Next: 73%
Magic:  11/11      EV: 25    Int:  5    God:    Trog [****..]
Gold:   594        SH:  9    Dex: 16    Spells: 0 memorised, 10 levels left

rFire  + . .     SeeInvis +     y - +7 short sword of Xom's Supremacy {flame, rC++ Str-4 SInv}
rCold  + + .     Gourm    .     u - +3 ring mail {rF+}
rNeg   . . .     Faith    .     v - +0 buckler
rPois  .         Spirit   .     (no helmet)
rElec  .         Dismiss  .     (no cloak)
rCorr  .         Reflect  +     E - +0 pair of gloves
SustAt .         Harm     .     (no boots)
MR     .....                    e - +3 amulet of reflection
Stlth  +.........               F - +3 ring of evasion
                                C - +2 ring of evasion

@: mighty, exhausted, about to teleport, slowed, very slow, not resistant to
hostile enchantments, very unstealthy
A: carnivore 3
a: Berserk, Trog's Hand, Brothers in Arms, Burn Spellbooks, Renounce Religion


You were on level 2 of the Lair of Beasts.
You worshipped Trog.
Trog was greatly pleased with you.
You were very full.

You visited 2 branches of the dungeon, and saw 10 of its levels.

You collected 594 gold pieces.

Inventory:

Hand Weapons
 a - a +1 short sword
 y - the +7 short sword of Xom's Supremacy (weapon) {flame, rC++ Str-4 SInv}
   (You found it on level 4 of the Dungeon)

   It has been specially enchanted to burn those struck by it, causing extra
   injury to most foes and up to half again as much damage against particularly
   susceptible opponents.
   It affects your strength (-4).
   It greatly protects you from cold.
   It lets you see invisible.
Missiles
 o - 6 tomahawks of returning
 x - 8 tomahawks (quivered)
Armour
 u - a +3 ring mail of fire resistance (worn)
 v - a +0 buckler (worn)
 E - a +0 pair of gloves (worn)
Jewellery
 e - a +3 amulet of reflection (around neck)
 k - an uncursed amulet of dismissal
 C - a +2 ring of evasion (left hand)
 D - a cursed -2 ring of strength {unknown}
 F - a +3 ring of evasion (right hand)
Scrolls
 b - a scroll of enchant weapon
 i - 2 scrolls of teleportation
 s - 7 scrolls of remove curse
 t - a scroll of blinking
 w - a scroll of fog
Potions
 d - 2 potions of agility
 f - 5 potions of curing
 g - a potion of resistance
 j - 4 potions of ambrosia {unknown}
 l - 2 potions of heal wounds {unknown}
 n - 3 potions of flight
 z - 3 potions of magic {unknown}
 A - 2 potions of cure mutation {unknown}
 B - a potion of degeneration {unknown}
Books
 p - a book of Envenomations

   Spells                             Type                      Level
   a - Spider Form                    Transmutation/Poison         3
   b - Olgreb's Toxic Radiance        Poison                       4
   c - Alistair's Intoxication        Transmutation/Poison         5
   d - Poisonous Cloud                Conjuration/Poison/Air       6
   Trog disapproves of the use of such an item.
 q - a book of Conjurations

   Spells                             Type                      Level
   a - Magic Dart                     Conjuration                  1
   b - Searing Ray                    Conjuration                  2
   c - Dazzling Spray                 Conjuration/Hexes            3
   d - Fulminant Prism                Conjuration/Hexes            4
   e - Iskenderun's Mystic Blast      Conjuration                  4
   f - Iskenderun's Battlesphere      Conjuration/Charms           5
   Trog disapproves of the use of such an item.
Comestibles
 c - 2 meat rations
 h - 2 beef jerkies
 r - 4 chunks of flesh


   Skills:
 + Level 8.8 Fighting
 * Level 14.1 Short Blades
 + Level 6.7 Armour
 + Level 9.4 Dodging
 + Level 5.7 Shields


You had 10 spell levels left.
You didn't know any spells.

Dungeon Overview and Level Annotations

Branches:
Dungeon (9/15)             Temple (0/1) D:7            Lair (2/8) D:9
    Orc: D:9-12

Altars:
Elyvilon
Fedhas
Gozag
Okawaru


Innate Abilities, Weirdness & Mutations

You are small and have problems with some larger weapons.
You are carnivorous and can eat meat at any time.


Message History

The four-headed hydra bites you but does no damage.
The four-headed hydra completely misses you.
The four-headed hydra bites you!
* * * LOW HITPOINT WARNING * * *
Read which item? (? for menu, Esc to quit)
As you read the scroll of teleportation, it crumbles to dust.
You feel strangely unstable.
You block the four-headed hydra's attack. x2
The four-headed hydra completely misses you.
The four-headed hydra bites you!
* * * LOW HITPOINT WARNING * * *
Drink which item? (? for menu, Esc to quit)
It was a potion of might.
You feel very mighty all of a sudden. The four-headed hydra bites you.
* * * LOW HITPOINT WARNING * * *
The four-headed hydra misses you.
The four-headed hydra barely misses you.
The four-headed hydra bites you.
You die...

#?......)...P#.##....P# #.
P.....................# ##
.....................######
...).......#..#.###......>.
P..........##### #........
#.......(...# #..#P#..#
#P.#..#.#..## #..######
##.#####..D## #<.# .
##รท@P# ...# #.(.## ##...
##..## #.. #..P# .# ##..##
##..# #P...# #...## ##...#
#....# #..#######P..###
#####.....PP.#....P##


You could see a four-headed hydra.

Vanquished Creatures
  Urug (Lair:2)
  A torpor snail (Lair:1)
  2 spiny frogs
  A komodo dragon (Lair:2)
  A troll (D:9)
  9 yaks
  A wyvern (D:8)
  2 hippogriffs (Lair:1)
  2 basilisks (Lair:1)
  2 water moccasins
  4 porcupines (Lair:1)
  An orc warrior (D:7)
  5 ogres
  An ice beast (D:5)
  2 crocodiles (Lair:1)
  3 giant frogs
  A scorpion (D:7)
  3 wights (D:8)
  4 howler monkeys
  A giant frog zombie (D:8)
  A crimson imp (D:7)
  3 hounds
  2 centaur skeletons (D:9)
  An orc priest (D:4)
  3 jellies
  5 orc wizards
  A giant frog skeleton (D:4)
  An iguana (D:9)
  Jessica (D:2)
  A worker ant (D:5)
  Terence (D:2)
  4 gnolls (D:2)
  6 adders
  An ooze (D:4)
  An adder zombie (D:8)
  An adder skeleton (D:7)
  7 worms
  2 dart slugs (D:1)
  2 giant geckos
  23 orcs
  9 bats
  2 giant cockroaches
  8 goblins
  7 hobgoblins
  8 jackals
  5 quokkas
  A giant gecko skeleton (D:7)
  2 giant newts
  A jackal skeleton (D:4)
  4 kobolds
  A quokka skeleton (D:8)
  9 rats
171 creatures vanquished.

Notes
Turn   | Place    | Note
--------------------------------------------------------------
     0 | D:1      | raph the Kobold Berserker began the quest for the Orb.
     0 | D:1      | Reached XP level 1. HP: 14/14 MP: 1/1
   372 | D:1      | Reached XP level 2. HP: 19/19 MP: 2/2
  1282 | D:2      | Found an iron altar of Okawaru.
  1311 | D:2      | Noticed Terence
  1315 | D:2      | Killed Terence
  1315 | D:2      | Reached skill level 5 in Short Blades
  1315 | D:2      | Reached XP level 3. HP: 23/23 MP: 3/3
  1367 | D:2      | Reached XP level 4. HP: 26/28 MP: 4/4
  1970 | D:2      | Found a blossoming altar of Fedhas.
  1983 | D:2      | Reached XP level 5. HP: 33/33 MP: 5/5
  2387 | D:2      | Reached ** piety under Trog
  3006 | D:2      | Noticed Jessica
  3044 | D:2      | Killed Jessica
  3044 | D:2      | Reached skill level 6 in Short Blades
  3184 | D:3      | Reached XP level 6. HP: 38/38 MP: 6/6
  3516 | D:3      | Found an opulent altar of Gozag.
  4178 | D:4      | Reached *** piety under Trog
  4341 | D:4      | Noticed an ogre
  4348 | D:4      | Killed an ogre
  4348 | D:4      | Reached skill level 7 in Short Blades
  4348 | D:4      | Reached XP level 7. HP: 44/44 MP: 7/7
  4386 | D:4      | Got a crystal short sword
  4387 | D:4      | Identified the +7 short sword of Xom's Supremacy {flame, rC++ Str-4 SInv} (You found it on level 4 of the Dungeon)
  4411 | D:4      | Found a white marble altar of Elyvilon.
  4923 | D:5      | Entered Level 5 of the Dungeon
  5002 | D:5      | Reached skill level 5 in Fighting
  5127 | D:5      | You fall through a shaft for 2 floors!
  5355 | D:7      | Reached skill level 8 in Short Blades
  5355 | D:7      | Reached XP level 8. HP: 49/49 MP: 8/8
  5732 | D:7      | Reached skill level 5 in Dodging
  6239 | D:7      | Found a staircase to the Ecumenical Temple.
  6253 | D:7      | Reached skill level 9 in Short Blades
  6665 | D:8      | Noticed a wyvern
  6670 | D:8      | Killed a wyvern
  6718 | D:8      | Reached XP level 9. HP: 55/55 MP: 9/9
  6784 | D:8      | Reached skill level 10 in Short Blades
  6951 | D:8      | Reached **** piety under Trog
  7174 | D:9      | Reached skill level 1 in Shields
  7182 | D:9      | Reached skill level 11 in Short Blades
  7263 | D:9      | Found a staircase to the Lair.
  7388 | D:9      | Reached skill level 13 in Short Blades
  7388 | D:9      | Reached skill level 5 in Shields
  7388 | D:9      | Reached XP level 10. HP: 64/64 MP: 10/10
  7487 | D:9      | Reached XP level 11. HP: 68/68 MP: 11/11
  7585 | Lair:1   | Entered Level 1 of the Lair of Beasts
  8826 | Lair:2   | Reached skill level 14 in Short Blades
  8889 | Lair:2   | Received a gift from Trog
  8941 | Lair:2   | Noticed Urug
  8959 | Lair:2   | Killed Urug
  8961 | Lair:2   | Noticed a four-headed hydra
  8983 | Lair:2   | HP: 3/69 [four-headed hydra (13)]
  8984 | Lair:2   | HP: 1/69 [four-headed hydra (2)]
  8984 | Lair:2   | Slain by a four-headed hydra

Skill      XL: |  1  2  3  4  5  6  7  8  9 10 11 |
---------------+----------------------------------+-----
Short Blades   | 5 6 7 8 9 13 14 | 14.1
Armour         | 2 3 4 6 |  6.7
Dodging        | 3 4 5 8 9 |  9.4
Fighting       | 4 5 8 |  8.8
Shields        | 5 |  5.7

Action                   |  1- 3 |  4- 6 |  7- 9 | 10-12 || total
-------------------------+-------+-------+-------+-------++-------
Melee: Short sword       |    52 |   263 |   188 |   157 ||   660
Invok: Berserk           |     2 |     8 |     7 |     4 ||    21
       Trog's Hand       |       |       |     1 |     2 ||     3
  Use: Scroll            |       |       |    13 |     5 ||    18
       Potion            |       |       |     1 |     1 ||     2
 Stab: Sleeping          |     1 |       |       |       ||     1
  Eat: Chunk             |    11 |    18 |    18 |     8 ||    55
Armor: Animal skin       |    10 |    18 |       |       ||    28
       Leather armour    |       |     3 |       |       ||     3
       Ring mail         |       |    18 |    26 |     8 ||    52
Dodge: Dodged            |    30 |   206 |    72 |    74 ||   382
Block: Other             |       |       |     9 |       ||     9
       Buckler           |       |       |     6 |    39 ||    45
       Reflection        |       |       |       |     2 ||     2
